 Dungeon Crawl Stone Soup version 0.19.0-20-gbc5f0c6 (webtiles) character file.

25 GlenndL the Skirmisher (level 2, -1/24 HPs)
             Began as a Demonspawn Chaos Knight on Nov 18, 2016.
             Slain by Sigmund
             ... wielding a +0 scythe
              (8 damage)
             ... on level 2 of the Dungeon.
             The game lasted 00:03:08 (899 turns).

GlenndL the Skirmisher (Demonspawn Chaos Knight)     Turns: 899, Time: 00:03:08

Health: -1/24      AC:  9    Str: 12    XL:     2   Next: 82%
Magic:  2/2        EV: 15    Int: 13    God:    Xom [..*...]
Gold:   35         SH:  0    Dex: 17    Spells: 0 memorised, 1 level left

rFire  + . .     SeeInvis .     a - +0 mace (chaos)
rCold  . . .     Gourm    .     d - +4 ring mail {rF+}
rNeg   . . .     Faith    .     (no shield)
rPois  .         Spirit   .     (no helmet)
rElec  .         Reflect  .     (no cloak)
rCorr  .         Harm     .     (no gloves)
MR     .....                    (no boots)
Stlth  +.........               (no amulet)
                                (no ring)
                                (no ring)

@: confused, agile, very slightly contaminated, invisible
A: hooves 1
a: Renounce Religion


You were on level 2 of the Dungeon.
You worshipped Xom.
You were a toy of Xom.
You were not hungry.

You visited 1 branch of the dungeon, and saw 2 of its levels.

You collected 35 gold pieces.

Inventory:

Hand Weapons
 a - a +0 mace of chaos (weapon)
 e - a +0 hand axe of electrocution
Armour
 b - a +2 leather armour
 d - a +4 ring mail of fire resistance (worn)
Scrolls
 f - a scroll of noise {unknown}
 g - a scroll of magic mapping {unknown}
 i - a scroll of identify {unknown}
Potions
 h - a potion of cancellation {unknown}
Comestibles
 c - a bread ration


   Skills:
 + Level 3.3 Fighting
 + Level 3.1 Maces & Flails
 + Level 2.1 Armour
 + Level 1.0 Dodging


You had one spell level left.
You didn't know any spells.

Dungeon Overview and Level Annotations

Branches:
Dungeon (2/15)

Altars:
Ashenzari
Cheibriados
Sif Muna
Vehumet
Xom
The Shining One

Annotations:
D:2 Sigmund


Innate Abilities, Weirdness & Mutations

You have large cloven feet.


Message History

You resist with significant effort.
You closely miss Sigmund. You kick Sigmund, but do no damage.
Sigmund is lightly wounded.
Sigmund laughs darkly.
Sigmund misses you.
You catch the helpless Sigmund completely off-guard!
You hit Sigmund.
Sigmund is poisoned.
Sigmund is lightly wounded.
Sigmund completely misses you.
You hit Sigmund. You drain Sigmund!
Sigmund is moderately wounded.
You sock Sigmund!
Sigmund flickers and vanishes!
Deactivating autopickup; reactivate with Ctrl-A.
You kick something. Something hits you but does no damage.
You hit something.
You hear some strange, mumbled words.
You are confused.
You're too confused to move!
Something hits you!
You die... "This toy is broken."

#..........,....... ,
#.#..##...###....# * *
#.#..##.#........#
#.#..##.####.....####
#.#........#........###
#.#.....##.#...........
#.#######*,#...........
#.# ,..,,,,###..†......
##.##.# **,
#.@{..[.##.# #.....#
,,#.#.....# #
#..##########.#######
#......##.....# , ,, *
#..###.##.######*, **
#.>.............. , ,
#.####.##.#######+ * *
#.. #.....#, , , , , **
###. ####..# ,, **


There were no monsters in sight!

Vanquished Creatures
  3 ball pythons (D:1)
  5 bats
  3 giant cockroaches (D:1)
  A goblin (D:1)
  A hobgoblin (D:1)
  3 jackals (D:1)
  A kobold (D:1)
  3 frilled lizards
  3 rats (D:1)
23 creatures vanquished.

Notes
Turn   | Place    | Note
-------+----------+-------------------------------------------
     0 | D:1      | GlenndL the Demonspawn Chaos Knight began the quest for the Orb.
     0 | D:1      | Reached XP level 1. HP: 18/18 MP: 1/1
    11 | D:1      | XOM: harmless Erth miscast
   245 | D:1      | Gained mutation: You have large cloven feet. [demonic ancestry]
   245 | D:1      | Reached XP level 2. HP: 24/24 MP: 2/2
   519 | D:1      | XOM: divination: magic mapping
   550 | D:1      | XOM: harmless Pois miscast
   668 | D:1      | Found a shimmering altar of Xom.
   670 | D:1      | Found a snail-covered altar of Cheibriados.
   670 | D:1      | Found a radiant altar of Vehumet.
   672 | D:1      | Found a glowing golden altar of the Shining One.
   672 | D:1      | Found a deep blue altar of Sif Muna.
   672 | D:1      | Found a shattered altar of Ashenzari.
   850 | D:2      | Noticed Sigmund
   851 | D:2      | Reached skill level 1 in Dodging
   854 | D:2      | XOM: potion effect (agility)
   865 | D:2      | XOM: potion effect (invisibility)
   882 | D:2      | XOM: divination: magic mapping
   899 | D:2      | Slain by Sigmund

Skill      XL: |  1  2 |
---------------+-------+-----
Armour         | 2 |  2.1
Maces & Flails | 3 |  3.1
Dodging        | 1 |  1.0
Fighting       | |  3.3

Action                   || total
-------------------------++-------
Melee: Mace              ||    78
       Kick              ||    13
 Stab: Invisible         ||     1
Armor: Leather armour    ||    15
       Ring mail         ||    58
Dodge: Dodged            ||    55
